 Dungeon Sprint DCSS version 0.03.2.1-42-g860841ac0a (webtiles) character file.

Game seed: 3106313825629591946, levelgen mode: deterministic

14 esc the Archer (level 2, -1/24 HPs) Centaur Hunter. Began on Jan 25, 2021. Slain by an iron imp (2 damage) ... summoned by a neqoxec ... in the Dungeon (Sprint II: "The Violet Keep of Menkaure"). The game lasted 00:00:49 (91 turns).

esc the Archer (Centaur Hunter)                       Turns: 91, Time: 00:00:50

Health: -1/24      AC:  4    Str: 14    XL:     2 ^: 20
Magic:  1/1        EV:  9    Int: 10    God:
Gold:   243        SH:  0    Dex:  9    Spells: 1/1 levels left

rFire    . . .     Vision   .   a - +1 shortbow
rCold    . . .     Gourm    .   (also wielding the above weapon)
rNeg     . . .     Faith    .   c - +0 leather armour
rPois    .         Spirit   .   (no helmet)
rElec    .         Reflect  .   (no cloak)
rCorr    .         Harm     .   (no gloves)
MR       .....     NoTele   +   (no barding)
Stlth    +.........             (no amulet)
HPRegen  0.18/turn              (no ring)
MPRegen  0.11/turn              (no ring)

@: hasted, very quick
A: large, hooves 3, deformed body, speed 2, low mp 1, tough skin 3
a: no special abilities


You were in the Dungeon.
You were not hungry.

You visited 1 branch You collected 243 gold pieces.

Inventory:

Weapons
 a - a +1 shortbow (weapon)
 b - a +0 short sword
Armour
 c - a +0 leather armour (worn)
Scrolls
 j - a scroll of blinking
Potions
 e - a potion of curing
 f - a potion of heal wounds
 h - 2 potions of magic
 i - a potion of berserk rage
Comestibles
 d - a ration
 k - 6 chunks of flesh


   Skills:
 - Level 2.0 Fighting
 + Level 8.3 Bows
 - Level 1.3 Dodging
 - Level 0.4 Stealth


You had one spell level left.
You didn't know any spells.
Your spell library was empty.

Dungeon Overview and Level Annotations

Branches:
Dungeon (1/1)

Altars:


Innate Abilities, Weirdness & Mutations

You have hooves in place of feet.
Armour fits poorly on your strangely shaped body.
You cover ground very quickly.
You have extremely tough skin. (AC +3)
Your magical capacity is low. (-10% MP)


Message History

The ufetubus hits you (1).
* * * LOW HITPOINT WARNING * * *
Something hits you but does no damage.
Aiming:
a - a +1 shortbow, Range: 2 (50%)
Press: ? - help, Shift-Dir - straight line, f/p - neqoxec
Aim: a neqoxec (moderately wounded (24/32))
You shoot an arrow.
Aiming:
a - a +1 shortbow, Range: 2 (50%)
Press: ? - help, Shift-Dir - straight line, f/p - neqoxec
Aim: a neqoxec (moderately wounded (24/32))
You shoot an arrow. The ufetubus hits you (1).
* * * LOW HITPOINT WARNING * * *
The ufetubus hits you but does no damage.
Aiming:
a - a +1 shortbow, Range: 2 (50%)
Press: ? - help, Shift-Dir - straight line, f/p - neqoxec
Aim: a neqoxec (moderately wounded (24/32))
You shoot an arrow.
The ufetubus makes you miss your attack.
The iron imp hits you (2).
You die...

###
##5###+#
#@5{##5##
+#5333<.+
####3##
#'#


553 3##35 ## ### You could see 4 neqoxecs, 2 iron imps and an ufetubus.

Vanquished Creatures
  2 worms (D)
2 creatures vanquished.

Vanquished Creatures (others)
  A crocodile (D)
1 creature vanquished.

Grand Total: 3 creatures vanquished

Notes
Turn   | Place    | Note
-------+----------+-------------------------------------------
     0 | D        | esc the Centaur Hunter began the quest for the Orb.
     0 | D        | Reached XP level 1. HP: 17/17 MP: 1/1
     4 | D        | Reached skill level 7 in Bows
     8 | D        | Killed a crocodile
    14 | D        | Reached skill level 8 in Bows
    14 | D        | Reached XP level 2. HP: 16/24 MP: 2/2
    62 | D        | Noticed a neqoxec
    62 | D        | Noticed a neqoxec
    62 | D        | Noticed a neqoxec
    62 | D        | Noticed a neqoxec
    64 | D        | Noticed a quasit
    64 | D        | Noticed a quasit
    65 | D        | Noticed a quasit
    68 | D        | Gained mutation: Your magical capacity is low. (-10% MP) [a
                  | neqoxec]
    90 | D        | HP: 1/24 [ufetubus[a neqoxec] (1)]
    91 | D        | Slain by an iron imp

Levels and vault maps discovered:
D:        the_violet_keep_of_menkaure [sprint2_stairs_cluster_1,
          sprint2_shoproom, sprint2_temple, sprint2_basic_supplies,
          sprint2_obstacle_4, sprint2_obstacle_1, sprint2_obstacle_7,
          sprint2_obstacle_2, sprint2_obstacle_5, sprint2_timed_cluster_1,
          sprint2_smallroom_cluster_1, sprint2_smallroom_final_cluster_1,
          sprint2_transparent_cluster_1, sprint2_second_timed_cluster_1,
          sprint2_sniper_area_1, sprint2_heavy_combat_area_1,
          sprint2_mutation_trap_area_1, sprint2_forest_area_1,
          sprint2_light_combat_area_1, sprint2_behind_water_1,
          sprint2_near_end_vault_1]

Skill      XL: |  1 |
---------------+----+-----
Bows           | 8 |  8.3
Fighting       | |  2.0
Dodging        | |  1.3
Stealth        | |  0.4

Action                   || total
-------------------------++-------
 Fire: Shortbow          ||    34
  Use: Potion            ||     1
Armor: Leather armour    ||     7
Dodge: Dodged            ||     7
